 Dungeon Crawl Stone Soup version 0.20.1-1-g8b1a95d (webtiles) character file.

351 QuCean the Chopper (level 6, -3/53 HPs)
             Began as a Minotaur Fighter on Oct 12, 2017.
             Killed by divine providence
             ... invoked by an orc priest
              (13 damage)
             ... on level 4 of the Dungeon.
             The game lasted 00:11:25 (3334 turns).

QuCean the Chopper (Minotaur Fighter)               Turns: 3334, Time: 00:11:25

Health: -3/53      AC: 13    Str: 23    XL:     6   Next: 34%
Magic:  5/5        EV:  8    Int:  5    God:
Gold:   318        SH: 10    Dex:  9    Spells: 5/5 levels left

rFire    x . .     SeeInvis .   a - +0 war axe
rCold    + . .     Gourm    .   c - +0 shield
rNeg     . . .     Faith    .   b - +0 scale mail
rPois    .         Spirit   .   w - +2 hat
rElec    .         Reflect  .   k - +2 cloak
rCorr    .         Harm     .   (no gloves)
MR       .....                  t - +0 pair of boots
Stlth    ..........             (no amulet)
Regen    0.2/turn               j - ring of ice
MPRegen  0.1/turn               (no ring)

@: no status effects
A: retaliatory headbutt, horns 2
a: no special abilities


You were on level 4 of the Dungeon.
You were not hungry.

You visited 1 branch of the dungeon, and saw 4 of its levels.

You collected 318 gold pieces.

Inventory:

Hand Weapons
 a - a +0 war axe (weapon)
Armour
 b - a +0 scale mail (worn)
 c - a +0 shield (worn)
 k - a +2 cloak (worn)
 t - a +0 pair of boots (worn)
 w - a +2 hat (worn)
Jewellery
 j - a ring of ice (left hand)
 v - a +3 ring of intelligence {unknown}
Scrolls
 e - 5 scrolls of identify {unknown}
 g - a scroll of magic mapping {unknown}
 i - 2 scrolls of teleportation {unknown}
 q - a scroll of fear {unknown}
 r - 2 scrolls of random uselessness {unknown}
 s - a scroll of amnesia {unknown}
 x - a scroll of fog {unknown}
 y - a scroll of recharging {unknown}
Potions
 d - a potion of might
 f - a potion of resistance {unknown}
 h - a potion of lignification {unknown}
 l - a potion of mutation {unknown}
 m - a potion of degeneration {unknown}
 n - a potion of berserk rage {unknown}
 p - 3 potions of curing {unknown}
 u - 3 potions of flight {unknown}
Comestibles
 o - a bread ration


   Skills:
 + Level 4.4 Fighting
 + Level 5.5 Axes
 + Level 4.7 Armour
 + Level 1.0 Dodging
 + Level 0.1 Stealth
 + Level 5.5 Shields


You had 5 spell levels left.
You didn't know any spells.

Dungeon Overview and Level Annotations

Branches:
Dungeon (4/15)
 Temple: D:4-7

Altars:
Cheibriados
Sif Muna
Trog
Xom


Innate Abilities, Weirdness & Mutations

You reflexively headbutt those who attack you in melee.
You have a pair of horns on your head.


Message History

The orc wizard is almost dead.
You hit the orc priest. The orc wizard casts a spell at you.
The magic dart hits you!
* * * LOW HITPOINT WARNING * * *
The orc priest calls down the wrath of Beogh upon you.
You barely resist. The orc wizard misses you.
You closely miss the orc wizard.
The orc wizard is almost dead.
You closely miss the orc priest.
The orc priest calls upon Beogh to heal the orc wizard.
The orc wizard is healed somewhat.
The orc wizard hits you but does no damage.
You closely miss the orc wizard. You headbutt the orc wizard!
You kill the orc wizard!
Your shield and scale mail prevent you from hitting the orc priest.
The orc priest looks satisfied for a moment.
The orc priest calls down the wrath of Beogh upon you.
Beogh smites you!
You die...

##...# #....#
#<...# #....#
#....#
#....##
#.....#
#####.# #@#
#oo# .w..#
.......
.........
............
#............
#............


You could see an orc priest, a dart slug and an orc.

Vanquished Creatures
  An ogre (D:3)
  Crazy Yiuf (D:2)
  2 orc wizards (D:4)
  Jessica (D:2)
  Terence (D:2)
  A worker ant (D:4)
  An adder (D:2)
  2 oozes
  3 worms (D:3)
  2 dart slugs (D:2)
  5 leopard geckos
  5 orcs
  A ball python (D:2)
  9 bats
  7 giant cockroaches
  2 goblins (D:2)
  9 hobgoblins
  2 jackals (D:1)
  A frilled lizard (D:2)
  8 kobolds
  8 rats
  5 fungi (D:2)
77 creatures vanquished.

Notes
Turn   | Place    | Note
-------+----------+-------------------------------------------
     0 | D:1      | QuCean the Minotaur Fighter began the quest for the Orb.
     0 | D:1      | Reached XP level 1. HP: 19/19 MP: 0/0
   189 | D:1      | Reached XP level 2. HP: 22/27 MP: 1/1
   799 | D:2      | Reached XP level 3. HP: 30/33 MP: 2/2
   806 | D:2      | Found a snail-covered altar of Cheibriados.
   943 | D:2      | Noticed Terence
   946 | D:2      | Noticed Jessica
   954 | D:2      | Killed Terence
   959 | D:2      | Killed Jessica
   959 | D:2      | Reached XP level 4. HP: 26/40 MP: 3/3
  1456 | D:2      | Found a runed door.
  1460 | D:2      | Noticed Crazy Yiuf
  1465 | D:2      | Killed Crazy Yiuf
  1942 | D:2      | Reached skill level 5 in Shields
  2037 | D:2      | Reached XP level 5. HP: 43/46 MP: 4/4
  2064 | D:2      | Found a deep blue altar of Sif Muna.
  2874 | D:3      | Noticed a moth of wrath
  2885 | D:3      | Found a bloodstained altar of Trog.
  3093 | D:3      | Found a shimmering altar of Xom.
  3102 | D:3      | Noticed an ogre
  3106 | D:3      | Killed an ogre
  3106 | D:3      | Reached skill level 5 in Axes
  3106 | D:3      | Reached XP level 6. HP: 33/53 MP: 5/5
  3326 | D:4      | Reached skill level 1 in Dodging
  3334 | D:4      | Killed from afar by an orc priest

Skill      XL: |  1  2  3  4  5  6 |
---------------+-------------------+-----
Shields        | 4 5 |  5.5
Armour         | 4 |  4.7
Axes           | 3 4 5 |  5.5
Fighting       | 4 |  4.4
Dodging        | 1 |  1.0
Stealth        | |  0.1

Action                   |  1- 3 |  4- 6 || total
-------------------------+-------+-------++-------
Melee: War axe           |    61 |   103 ||   164
       Headbutt          |     8 |    19 ||    27
  Eat: Bread ration      |       |     2 ||     2
Armor: Scale mail        |    44 |    52 ||    96
Dodge: Dodged            |    28 |    33 ||    61
Block: Shield            |    59 |    56 ||   115
